TOP OF THE 1ST |
Albuquerque Isotopes batting - Pitching for Spokane Trappers : LHP Miguel Martínez
|
Pitching: LHP Miguel Martínez
|
|
Batting: LHB Fernando Ortíz
|
0-0: Called Strike 0-1: SINGLE (Line Drive, 34D)
|
Batting: LHB Pablo Reyes
|
0-0: Called Strike 0-1: Ball 1-1: Foul Ball, location: 2F 1-2: Ball 2-2: Ball 3-2: Fielders Choice at 2nd, 4-6 (Groundball, 34)
|
Batting: RHB Edward Young
|
0-0: Hit by Pitch Pablo Reyes to second
|
Batting: LHB Juan Carlos Sánchez
|
0-0: Ball 1-0: Called Strike 1-1: Ball 2-1: SINGLE (Line Drive, 6MD) Pablo Reyes to third Edward Young to second Runner from 3rd tries for Home, SAFE, throw made home Edward Young to third Juan Carlos Sánchez to second
|
Batting: RHB Cristián Herrera
|
0-0: Ball 1-0: Foul Ball, location: 2F 1-1: Foul Ball, location: 2F 1-2: DOUBLE (Line Drive, 78D) Edward Young scores Juan Carlos Sánchez scores
|
Batting: SHB Lee Townsend
|
0-0: Called Strike 0-1: Called Strike 0-2: Ball 1-2: Ball 2-2: Ball 3-2: Base on Balls
|
Batting: LHB A.J. Major
|
0-0: Called Strike 0-1: Called Strike 0-2: Foul Ball, location: 2F 0-2: Ball 1-2: Strikes out looking
|
Batting: RHB Juan Barrera
|
0-0: Ground out 6-3 (Groundball, 6)
|
Top of the 1st over - 3 run(s), 3 hit(s), 0 error(s), 2 left on base; Albuquerque 3 - Spokane 0 |
BOTTOM OF THE 1ST |
Spokane Trappers batting - Pitching for Albuquerque Isotopes : RHP Mark Sanders
|
Pitching: RHP Mark Sanders
|
|
Batting: LHB Jaime Padilla
|
0-0: Called Strike 0-1: Foul Ball, location: 2F 0-2: Ball 1-2: Ball 2-2: Strikes out swinging
|
Batting: RHB John Craig
|
0-0: Swinging Strike 0-1: Foul Ball, location: 2F 0-2: Ball 1-2: Ball 2-2: Ball 3-2: Strikes out swinging
|
Batting: RHB Jeremy Carr
|
0-0: Swinging Strike 0-1: Called Strike 0-2: Foul Ball, location: 2F 0-2: Ball 1-2: Strikes out swinging
|
Bottom of the 1st over - 0 run(s), 0 hit(s), 0 error(s), 0 left on base; Albuquerque 3 - Spokane 0 |
TOP OF THE 2ND |
Albuquerque Isotopes batting - Pitching for Spokane Trappers : LHP Miguel Martínez
|
Batting: RHB Luis Martínez
|
0-0: Ground out 5-3 (Groundball, 56)
|
Batting: LHB Fernando Ortíz
|
0-0: Called Strike 0-1: Ball 1-1: Fly out, F9 (Line Drive, 89S)
|
Batting: LHB Pablo Reyes
|
0-0: Called Strike 0-1: Ball 1-1: Foul Ball, location: 2F 1-2: Foul Ball, location: 2F 1-2: Fly out, F6 (Popup, 56D)
|
Top of the 2nd over - 0 run(s), 0 hit(s), 0 error(s), 0 left on base; Albuquerque 3 - Spokane 0 |
BOTTOM OF THE 2ND |
Spokane Trappers batting - Pitching for Albuquerque Isotopes : RHP Mark Sanders
|
Batting: SHB Esteban Silva
|
0-0: Ball 1-0: Ball 2-0: Ball 3-0: Base on Balls
|
Batting: LHB José Feliciano
|
0-0: Ball 1-0: Ball 2-0: Foul Ball, location: 2F 2-1: Ball 3-1: Called Strike 3-2: Foul Ball, location: 2F 3-2: Foul Ball, location: 2F 3-2: Foul Ball, location: 2F 3-2: Strikes out swinging
|
Batting: RHB Ramiro Ross
|
0-0: Ball 1-0: Ball 2-0: Foul Ball, location: 2F 2-1: Swinging Strike 2-2: Ground out 5-3 (Groundball, 56S) Esteban Silva to second
|
Batting: RHB Pedro Rodríguez
|
0-0: Ball 1-0: Ball 2-0: SINGLE (Flyball, 7LS) Esteban Silva to third
|
Batting: LHB Fernando Pérez
|
0-0: Ball 1-0: Swinging Strike 1-1: Ground out 4-3 (Groundball, 4)
|
Bottom of the 2nd over - 0 run(s), 1 hit(s), 0 error(s), 2 left on base; Albuquerque 3 - Spokane 0 |
TOP OF THE 3RD |
Albuquerque Isotopes batting - Pitching for Spokane Trappers : LHP Miguel Martínez
|
Batting: RHB Edward Young
|
0-0: Foul Ball, location: 2F 0-1: Swinging Strike 0-2: Foul Ball, location: 2F 0-2: Ball 1-2: Ball 2-2: Strikes out swinging
|
Batting: LHB Juan Carlos Sánchez
|
0-0: Called Strike 0-1: Ball 1-1: Swinging Strike 1-2: Foul Ball, location: 2F 1-2: Strikes out swinging
|
Batting: RHB Cristián Herrera
|
0-0: Ground out 6-3 (Groundball, 56)
|
Top of the 3rd over - 0 run(s), 0 hit(s), 0 error(s), 0 left on base; Albuquerque 3 - Spokane 0 |
BOTTOM OF THE 3RD |
Spokane Trappers batting - Pitching for Albuquerque Isotopes : RHP Mark Sanders
|
Batting: RHB Ernesto Acosta
|
0-0: Foul Ball, location: 2F 0-1: Ground out 5-3 (Groundball, 56)
|
Batting: LHB Jaime Padilla
|
0-0: Ball 1-0: Ground out 6-3 (Groundball, 56)
|
Batting: RHB John Craig
|
0-0: Ball 1-0: Ball 2-0: Ground out 6-3 (Groundball, 6M)
|
Bottom of the 3rd over - 0 run(s), 0 hit(s), 0 error(s), 0 left on base; Albuquerque 3 - Spokane 0 |
TOP OF THE 4TH |
Albuquerque Isotopes batting - Pitching for Spokane Trappers : LHP Miguel Martínez
|
Batting: SHB Lee Townsend
|
0-0: Ball 1-0: Foul Ball, location: 2F 1-1: Swinging Strike 1-2: Foul Ball, location: 2F 1-2: Ball 2-2: Foul Ball, location: 2F 2-2: Ground out 6-3 (Groundball, 6)
|
Batting: LHB A.J. Major
|
0-0: Ball 1-0: Ball 2-0: Called Strike 2-1: Foul Ball, location: 2F 2-2: SINGLE (Groundball, 56D)
|
Batting: RHB Juan Barrera
|
0-0: Called Strike 0-1: Ball 1-1: Ball 2-1: DOUBLE (Groundball, 5L) A.J. Major to third Runner from 3rd tries for Home, SAFE, no throw or cutoff
|
Batting: RHB Luis Martínez
|
0-0: Foul Ball, location: 2F 0-1: Swinging Strike 0-2: Foul Ball, location: 2F 0-2: Ball 1-2: Strikes out swinging
|
Batting: LHB Fernando Ortíz
|
0-0: Called Strike 0-1: Ground out 4-3 (Groundball, 4)
|
Top of the 4th over - 1 run(s), 2 hit(s), 0 error(s), 1 left on base; Albuquerque 4 - Spokane 0 |
BOTTOM OF THE 4TH |
Spokane Trappers batting - Pitching for Albuquerque Isotopes : RHP Mark Sanders
|
Batting: RHB Jeremy Carr
|
0-0: Ball 1-0: Foul Ball, location: 2F 1-1: Ball 2-1: Ground out 6-3 (Groundball, 6)
|
Batting: SHB Esteban Silva
|
0-0: Ball 1-0: Ball 2-0: Called Strike 2-1: Ball 3-1: Ground out U3 (Groundball, 3)
|
Batting: LHB José Feliciano
|
0-0: Foul Ball, location: 2F 0-1: Fly out, F8 (Flyball, 8LS)
|
Bottom of the 4th over - 0 run(s), 0 hit(s), 0 error(s), 0 left on base; Albuquerque 4 - Spokane 0 |
TOP OF THE 5TH |
Albuquerque Isotopes batting - Pitching for Spokane Trappers : LHP Miguel Martínez
|
Batting: LHB Pablo Reyes
|
0-0: Ball 1-0: Called Strike 1-1: Foul Ball, location: 2F 1-2: Foul Ball, location: 2F 1-2: Ball 2-2: Foul Ball, location: 2F 2-2: Strikes out swinging
|
Batting: RHB Edward Young
|
0-0: Called Strike 0-1: Ball 1-1: Ball 2-1: Ball 3-1: Foul Ball, location: 2F 3-2: Foul Ball, location: 2F 3-2: Foul Ball, location: 2F 3-2: Base on Balls
|
Batting: LHB Juan Carlos Sánchez
|
0-0: Grounds into double play, U4-3 (Groundball, 4)
|
Top of the 5th over - 0 run(s), 0 hit(s), 0 error(s), 0 left on base; Albuquerque 4 - Spokane 0 |
BOTTOM OF THE 5TH |
Spokane Trappers batting - Pitching for Albuquerque Isotopes : RHP Mark Sanders
|
Batting: RHB Ramiro Ross
|
0-0: Ball 1-0: Ball 2-0: Ball 3-0: Called Strike 3-1: Reached on error, E5 (Groundball, 5)
|
Batting: RHB Pedro Rodríguez
|
0-0: Called Strike 0-1: Ball 1-1: Ball 2-1: Swinging Strike 2-2: Strikes out swinging
|
Batting: LHB Fernando Pérez
|
0-0: Ball 1-0: Called Strike 1-1: Swinging Strike 1-2: Strikes out swinging
|
Batting: RHB Ernesto Acosta
|
0-0: Foul Ball, location: 2F 0-1: Foul Ball, location: 2F 0-2: Ground out 6-3 (Groundball, 6)
|
Bottom of the 5th over - 0 run(s), 0 hit(s), 1 error(s), 1 left on base; Albuquerque 4 - Spokane 0 |
TOP OF THE 6TH |
Albuquerque Isotopes batting - Pitching for Spokane Trappers : LHP Miguel Martínez
|
Pitching: RHP José Navarro
|
|
Batting: RHB Cristián Herrera
|
0-0: Foul Ball, location: 2F 0-1: Foul Ball, location: 2F 0-2: DOUBLE (Flyball, 9LM)
|
Batting: SHB Lee Townsend
|
0-0: Intentional Walk
|
Batting: LHB A.J. Major
|
0-0: Ball 1-0: Called Strike 1-1: Foul Ball, location: 2F 1-2: Strikes out swinging
|
Batting: RHB Juan Barrera
|
0-0: Called Strike 0-1: Foul Ball, location: 2F 0-2: Ball 1-2: Foul Ball, location: 2F 1-2: Strikes out swinging
|
Batting: RHB Luis Martínez
|
0-0: Ball 1-0: Foul Ball, location: 2F 1-1: Foul Ball, location: 2F 1-2: SINGLE (Line Drive, 78S) Cristián Herrera to third Lee Townsend to second Runner from 3rd tries for Home, SAFE, no throw or cutoff
|
Batting: LHB Fernando Ortíz
|
0-0: Ground out 4-3 (Groundball, 34)
|
Top of the 6th over - 1 run(s), 2 hit(s), 0 error(s), 2 left on base; Albuquerque 5 - Spokane 0 |
BOTTOM OF THE 6TH |
Spokane Trappers batting - Pitching for Albuquerque Isotopes : RHP Mark Sanders
|
Batting: LHB Jaime Padilla
|
0-0: Called Strike 0-1: Ball 1-1: Ball 2-1: Foul Ball, location: 2F 2-2: Strikes out swinging
|
Batting: RHB John Craig
|
0-0: SINGLE (Groundball, 4D) (infield hit)
|
Batting: RHB Jeremy Carr
|
0-0: Ball 1-0: Swinging Strike 1-1: Fielders Choice at 2nd, 6-4 (Groundball, 6)
|
Batting: SHB Esteban Silva
|
0-0: Called Strike 0-1: Ball 1-1: Ball 2-1: Foul Ball, location: 2F 2-2: Ball 3-2: Base on Balls Jeremy Carr to second
|
Batting: LHB José Feliciano
|
0-0: Called Strike 0-1: Ball 1-1: Ball 2-1: Swinging Strike 2-2: SINGLE (Groundball, 5D) Jeremy Carr to third Esteban Silva to second Runner from 3rd tries for Home, SAFE, no throw or cutoff
|
Batting: RHB Ramiro Ross
|
0-0: Swinging Strike 0-1: Called Strike 0-2: Ground out 6-3 (Groundball, 56)
|
Bottom of the 6th over - 1 run(s), 2 hit(s), 0 error(s), 2 left on base; Albuquerque 5 - Spokane 1 |
TOP OF THE 7TH |
Albuquerque Isotopes batting - Pitching for Spokane Trappers : RHP José Navarro
|
Batting: LHB Pablo Reyes
|
0-0: Called Strike 0-1: Called Strike 0-2: Strikes out looking
|
Batting: RHB Edward Young
|
0-0: Called Strike 0-1: Ball 1-1: Called Strike 1-2: Ground out 6-3 (Groundball, 6)
|
Batting: LHB Juan Carlos Sánchez
|
0-0: Foul Ball, location: 2F 0-1: Ball 1-1: Foul Ball, location: 2F 1-2: Foul Ball, location: 2F 1-2: Ball 2-2: Ball 3-2: Strikes out swinging
|
Top of the 7th over - 0 run(s), 0 hit(s), 0 error(s), 0 left on base; Albuquerque 5 - Spokane 1 |
BOTTOM OF THE 7TH |
Spokane Trappers batting - Pitching for Albuquerque Isotopes : RHP Mark Sanders
|
Pitching: RHP Jay Lloyd
|
|
Batting: RHB Pedro Rodríguez
|
0-0: Ball 1-0: Ball 2-0: Called Strike 2-1: Fly out, F3 (Line Drive, 34)
|
Batting: LHB Fernando Pérez
|
0-0: DOUBLE (Line Drive, 9LS)
|
Batting: RHB Ernesto Acosta
|
0-0: Called Strike 0-1: Ground out 5-3 (Groundball, 5)
|
Batting: LHB Jaime Padilla
|
0-0: Ball 1-0: Ball 2-0: Foul Ball, location: 2F 2-1: SINGLE (Groundball, 34D) Fernando Pérez to third Runner from 3rd tries for Home, SAFE, no throw or cutoff
|
Batting: RHB John Craig
|
0-0: Called Strike 0-1: Swinging Strike 0-2: Ball Jaime Padilla steals 2nd base 1-2: Ball 2-2: Foul Ball, location: 2F 2-2: Fly out, F8 (Flyball, 8RM)
|
Bottom of the 7th over - 1 run(s), 2 hit(s), 0 error(s), 1 left on base; Albuquerque 5 - Spokane 2 |
TOP OF THE 8TH |
Albuquerque Isotopes batting - Pitching for Spokane Trappers : RHP José Navarro
|
Pitching: RHP Ching-wei Zi
|
|
Batting: RHB Cristián Herrera
|
0-0: Ball 1-0: Swinging Strike 1-1: Swinging Strike 1-2: Strikes out swinging
|
Batting: SHB Lee Townsend
|
0-0: Called Strike 0-1: Swinging Strike 0-2: Ball 1-2: Ball 2-2: Foul Ball, location: 2F 2-2: Foul Ball, location: 2F 2-2: DOUBLE (Line Drive, 9LS)
|
Batting: LHB A.J. Major
|
0-0: Intentional Walk
|
Batting: RHB Juan Barrera
|
0-0: Ball 1-0: Foul Ball, location: 2F 1-1: Called Strike 1-2: Grounds into double play, 6-4-3 (Groundball, 6)
|
Top of the 8th over - 0 run(s), 1 hit(s), 0 error(s), 1 left on base; Albuquerque 5 - Spokane 2 |
BOTTOM OF THE 8TH |
Spokane Trappers batting - Pitching for Albuquerque Isotopes : RHP Jay Lloyd
|
Now at 2B: Jorge Ramírez
|
|
Batting: RHB Jeremy Carr
|
0-0: Ground out 6-3 (Groundball, 56)
|
Batting: SHB Esteban Silva
|
0-0: Ball 1-0: Called Strike 1-1: Ball 2-1: Foul Ball, location: 2F 2-2: Foul Ball, location: 2F 2-2: Ball 3-2: Strikes out swinging
|
Batting: LHB José Feliciano
|
0-0: Called Strike 0-1: Ball 1-1: Foul Ball, location: 2F 1-2: Ball 2-2: Ground out 6-3 (Groundball, 6)
|
Bottom of the 8th over - 0 run(s), 0 hit(s), 0 error(s), 0 left on base; Albuquerque 5 - Spokane 2 |
TOP OF THE 9TH |
Albuquerque Isotopes batting - Pitching for Spokane Trappers : RHP Ching-wei Zi
|
Batting: RHB Luis Martínez
|
0-0: Ball 1-0: Called Strike 1-1: SINGLE (Line Drive, 34D)
|
Batting: LHB Fernando Ortíz
|
0-0: Bunted foul 0-1: Bunted foul 0-2: Ball 1-2: Ball 2-2: Reached on error, E4 (Groundball, 4) Luis Martínez to second
|
Batting: LHB Pablo Reyes
|
0-0: Ball 1-0: Ball 2-0: Bunted foul 2-1: Sac Bunt - play at third, runner OUT! 1-6 Fernando Ortíz to second
|
Batting: RHB Edward Young
|
0-0: Ball Fernando Ortíz steals 3rd base Pablo Reyes to second 1-0: Swinging Strike 1-1: Ball 2-1: Foul Ball, location: 2F 2-2: SINGLE (Groundball, 6M) Fernando Ortíz scores Pablo Reyes to third Throwing error, E8 Pablo Reyes scores Edward Young to second
|
Pitching: RHP Andrew Kirk
|
|
Batting: LHB Juan Carlos Sánchez
|
0-0: Called Strike 0-1: Swinging Strike 0-2: Foul Ball, location: 2F 0-2: Foul Ball, location: 2F 0-2: Foul Ball, location: 2F 0-2: Strikes out swinging
|
Batting: RHB Jorge Ramírez
|
0-0: Foul Ball, location: 2F 0-1: Swinging Strike 0-2: SINGLE (Line Drive, 7S) Edward Young to third Runner from 3rd tries for Home, SAFE, no throw or cutoff
|
Batting: SHB Lee Townsend
|
0-0: Called Strike 0-1: Ball 1-1: Ball 2-1: Ball 3-1: Base on Balls Jorge Ramírez to second
|
Batting: LHB A.J. Major
|
0-0: Ball 1-0: Foul Ball, location: 2F 1-1: Swinging Strike 1-2: Ball 2-2: Foul Ball, location: 2F 2-2: Strikes out swinging
|
Top of the 9th over - 3 run(s), 3 hit(s), 2 error(s), 2 left on base; Albuquerque 8 - Spokane 2 |
BOTTOM OF THE 9TH |
Spokane Trappers batting - Pitching for Albuquerque Isotopes : RHP Jay Lloyd
|
Now at 1B: Wilson Gonzáles
|
|
Now at 3B: Donald Camp
|
|
Now in CF: Roberto Pérez
|
|
Batting: RHB Ramiro Ross
|
0-0: Called Strike 0-1: Foul Ball, location: 2F 0-2: Strikes out swinging
|
Batting: RHB Pedro Rodríguez
|
0-0: Called Strike 0-1: Foul Ball, location: 2F 0-2: Strikes out swinging
|
Batting: LHB Fernando Pérez
|
0-0: Ball 1-0: Ground out U3 (Groundball, 3L)
|
Bottom of the 9th over - 0 run(s), 0 hit(s), 0 error(s), 0 left on base; Albuquerque 8 - Spokane 2 |
|